Map: Golden Wall LE

Players

MontyPython - Winner!

  • Race: Terran Terran
  • League: Diamond
  • Spawn Location: 5:00

VOD

Have the link to the VOD?

Description

testing and first upload

Time

  • Played on: May 19, 2020, 6:20 p.m.
  • Length: 8:05
Show
View Real Time Build Order
Export as new Build Order

MontyPython Terran - Winner!

Build Orders:  

Get SALT Encoding   

  12  0:01  SCV  
  13  0:18  SCV  
  14  0:26  Supply Depot  
  14  0:35  SCV  
  15  0:40  Refinery  
  15  0:56  SCV  
  16  1:05  Barracks  
  16  1:13  SCV  
  17  1:20  Refinery  
  17  1:30  SCV  
  18  1:47  SCV  
  19  2:04  SCV  
  20  2:13  Ghost Academy, Barracks Tech Lab  
  20  2:24  Orbital Command  
  20  2:53  Ghost  
  20  2:56  Supply Depot  
  22  3:00  SCV  
  23  3:14  Factory  
  23  3:26  SCV  
  24  3:33  Ghost  
  26  3:43  SCV  
  26  3:46  Supply Depot  
  27  4:00  SCV  
  28  4:12  Ghost  
  28  4:17  SCV  
  31  4:26  Supply Depot  
  31  4:34  SCV  
  32  4:51  SCV  
  32  4:52  Ghost  
  32  4:54  Starport  
  35  5:08  SCV  
  36  5:17  Command Center  
  36  5:28  SCV  
  37  5:43  Supply Depot  
  37  5:45  Medivac  
  39  5:53  SCV  
  40  6:04  Personal Cloaking  
  40  6:10  SCV  
  40  6:15  Factory Tech Lab  
  40  6:17  Refinery  
  41  6:23  Refinery  
  41  6:27  SCV  
  42  6:53  Fusion Core  
  42  7:06  Orbital Command  
  42  7:07  SCV  
  43  7:24  SCV  
  44  7:45  SCV x2  
  46  7:53  Factory Tech Lab  
Tags
 
Add a new tag
Caveats
  • Supply blocks, unpowered buildings, or Contaminate may cause inaccurate times.
  • Supply counts are checked every 10 seconds.